 Dungeon Crawl Stone Soup version 0.30.0-15-g856e2d3f33 (webtiles) character file.

Game seed: 6277748223782850339

3480 jurchenman the Thaumaturge (level 9, 0/45 HPs)
             Began as a Deep Elf Conjurer on May 17, 2023.
             Was a Follower of Vehumet.
             Slain by a two-headed ogre
             ... wielding a +0 giant club
              (9 damage)
             ... on level 8 of the Dungeon on May 18, 2023.
             The game lasted 00:37:35 (10218 turns).

jurchenman the Thaumaturge (Deep Elf Conjurer)     Turns: 10218, Time: 00:37:37

Health: 0/45       AC: 12    Str:  4    XL:     9   Next: 79%
Magic:  20/26      EV: 15    Int: 34    God:    Vehumet [*.....]
Gold:   621        SH:  0    Dex: 13    Spells: 19/30 levels left

rFire   . . .        z - +4 dagger (elec)
rCold   . . .        (no shield)
rNeg    . . .        a - +1 robe
rPois   .            p - +2 helmet
rElec   .            u - +1 cloak
rCorr   .            (no gloves)
SInv    .            (no boots)
Will    .....        w - amulet of magic regeneration
Stlth   ++           h - +4 ring of protection
HPRegen 0.27/turn    i - +6 ring of intelligence
MPRegen 0.60/turn

%: no passive effects
@: no status effects
A: no striking features
a: Renounce Religion


You were on level 8 of the Dungeon.
You worshipped Vehumet.
Vehumet was aware of your devotion.
You visited 2 branches of the dungeon, and saw 9 of its levels.
You also visited: Sewer.

You collected 621 gold pieces.

Inventory:

Hand Weapons
 g - a +1 spectral whip
 z - a +4 dagger of electrocution (weapon)
Missiles
 c - 50 stones
 d - 14 poisoned darts
 H - 2 curare-tipped darts
Armour
 a - a +1 robe (worn)
 j - a +1 hat
 k - an orb of energy
 m - a +2 hat of intelligence
 p - a +2 helmet (worn)
 t - the +3 leather armour of Tiuc {rElec}
   (You found it on level 3 of the Dungeon)

   rElec:     It insulates you from electricity.
 u - a +1 cloak (worn)
 A - a +2 leather armour of willpower
 D - a +1 leather armour of fire resistance
Magical Staves
 e - a staff of earth
Jewellery
 h - a +4 ring of protection (left hand)
 i - a +6 ring of intelligence (right hand)
 w - an amulet of magic regeneration (around neck)
Wands
 s - a wand of quicksilver (6)
 v - a wand of polymorph (13)
 y - a wand of mindburst (16)
 B - a wand of paralysis (7)
Scrolls
 f - 4 scrolls of amnesia
 q - 2 scrolls of fog
 r - a scroll of summoning
 G - a scroll of teleportation
 K - a scroll of blinking
Potions
 b - a potion of magic
 l - 3 potions of brilliance
 n - 4 potions of heal wounds
 o - a potion of might
 x - 4 potions of flight
 C - 2 potions of cancellation
 E - 2 potions of curing {unknown}
 F - a potion of attraction {unknown}


   Skills:
 - Level 8.6 Dodging
 - Level 2.4 Stealth
 + Level 11.4 Spellcasting
 + Level 10.3 Conjurations
 + Level 2.2 Fire Magic


You had 19 spell levels left.
You knew the following spells:

 Your Spells              Type           Power      Damage    Failure   Level
a - Magic Dart            Conj           100%       1d8       1%          1
b - Searing Ray           Conj           100%       2d8       1%          2
c - Iskenderun's Mystic   Conj/Tloc      53%        2d11      2%          4
d - Sticky Flame          Conj/Fire      58%        2d7       1%          4

Your spell library contained the following spells:

 Spells                   Type           Power      Damage    Failure   Level
 Kiss of Death            Conj/Necr      100%       2d13      1%          1
 Dazzling Flash           Conj/Hex       100%       N/A       1%          3
 Necrotise                Necr           76%        1d7       2%          1
 Fulminant Prism          Conj/Hex       26%        3d13      2%          4
 Ignite Poison            Fire/Tmut/Pois 24%        N/A       4%          3
 Portal Projectile        Hex/Tloc       38%        N/A       7%          3
 Tukima's Dance           Hex            19%        N/A       7%          3
 Blade Hands              Tmut           9%         N/A       54%         5
 Ignition                 Fire           17%        3d7       100%        8


Dungeon Overview and Level Annotations

Branches:
Dungeon (8/15)             Temple (1/1) D:5           Sewer (visited)
   Lair: D:8-11

Altars:
Ashenzari
Cheibriados
Dithmenos
Elyvilon
Fedhas
Gozag
Hepliaklqana
Kikubaaqudgha
Makhleb
Nemelex Xobeh
Okawaru
Qazlal
Ru
Sif Muna
Trog
Uskayaw
Vehumet
Wu Jian
Xom
Yredelemnul
Zin
The Shining One

Shops:
D:2 !

Annotations:
D:6 1 runed translucent door, Valagong's ghost, amateur MiFi


Message History

There is a stone staircase leading down here.
You climb downwards.
There is a stone staircase leading up here.
You open the door.
Found a stone staircase leading up and a stone staircase leading down.
There is an open door here.
A two-headed ogre comes into view.
It is wielding a +0 giant club and a +0 giant spiked club.
Found 12 gold pieces and a grey potion.
The two-headed ogre shouts in stereo!
Casting: Sticky Flame (dangerous; 1% risk of failure)
Confirm with . or Enter, or press ? or * to list all spells.
Aiming: Searing Ray (safe; 1% risk of failure)
Press: ? - help, Shift-Dir - straight line, f - two-headed ogre
Aim: a two-headed ogre, wielding a +0 giant club and a +0 giant spiked club (92% to hit)
The searing ray hits the two-headed ogre!
The two-headed ogre is lightly wounded. (Press . to maintain the ray.)
The searing ray hits the two-headed ogre.
The two-headed ogre is moderately wounded.
The searing ray hits the two-headed ogre!
The two-headed ogre is moderately wounded.
The searing ray hits the two-headed ogre!
The two-headed ogre is heavily wounded.
You finish channelling your searing ray.
The two-headed ogre misses you.
The two-headed ogre hits you with a +0 giant spiked club!
Casting: Searing Ray (safe; 1% risk of failure)
Confirm with . or Enter, or press ? or * to list all spells.
Aiming: Sticky Flame (dangerous; 1% risk of failure)
Press: ? - help, Shift-Dir - straight line, f/p - two-headed ogre
Aim: a two-headed ogre, wielding a +0 giant club and a +0 giant spiked club (heavily wounded)
The sticky flame hits the two-headed ogre!
The two-headed ogre is severely wounded.
The two-headed ogre is covered in liquid flames!
The two-headed ogre burns!
The two-headed ogre hits you with a +0 giant club!!
Ouch! That really hurt!
* * * LOW HITPOINT WARNING * * *
The two-headed ogre hits you with a +0 giant spiked club!
You die...

..! ... .. #+########.
#### #
..........########..##..
..........'....#........
..........#....#........
..........#....#..<.....
.$....O@..##..#..#..##.#
####?......#######..#
#.......# .....
#..>..<.# ......
#.......# #.......
######### #.......
##.....#


You could see a two-headed ogre (burning).

Vanquished Creatures
  Grinder (D:3)
  Sigmund (D:2)
  3 steam dragons
  Edmund (D:5)
  Menkaure (D:7)
  A water moccasin (D:6)
  3 ice beasts
  A sky beast (D:7)
  An ogre (D:4)
  2 black bears
  A kobold brigand (D:6)
  3 gnoll sergeants (D:6)
  4 scorpions
  3 howler monkeys
  3 hounds
  2 jellies
  4 orc priests
  Crazy Yiuf (D:3)
  8 iguanas
  Terence (D:2)
  7 orc wizards
  Robin (D:2)
  20 gnolls
  11 adders
  5 river rats (Sewer)
  A shadow imp (D:6)
  An ufetubus (D:4)
  4 worms
  17 orcs
  14 ball pythons
  10 bats
  4 endoplasms
  4 giant cockroaches
  18 goblins
  8 hobgoblins
  7 jackals
  10 kobolds
  8 quokkas
  5 frilled lizards
  2 rats
202 creatures vanquished.

Notes
Turn   | Place    | Note
-------+----------+-------------------------------------------
     0 | D:1      | jurchenman the Deep Elf Conjurer began the quest for the
                  | Orb.
     0 | D:1      | Reached XP level 1. HP: 10/10 MP: 6/6
    33 | D:1      | Reached XP level 2. HP: 15/15 MP: 3/8
   295 | D:1      | Found a faded altar of an unknown god.
   303 | D:1      | Got Plato's Atlas of Black Secrets
   359 | D:1      | Learned a level 2 spell: Searing Ray
  1135 | D:2      | Found Rovaa's Distillery.
  1193 | D:2      | Reached skill level 4 in Spellcasting
  1218 | D:2      | Noticed Terence
  1227 | D:2      | Reached skill level 5 in Conjurations
  1227 | D:2      | Reached XP level 3. HP: 19/19 MP: 5/10
  1280 | D:2      | Killed Terence
  1340 | D:2      | Noticed Robin
  1423 | D:2      | Reached XP level 4. HP: 24/24 MP: 9/12
  1430 | D:2      | Noticed Sigmund
  1445 | D:2      | Killed Robin
  1756 | D:2      | Reached skill level 5 in Spellcasting
  1804 | D:2      | Killed Sigmund
  1805 | D:2      | Reached skill level 6 in Spellcasting
  1805 | D:2      | Reached XP level 5. HP: 23/28 MP: 6/15
  2256 | D:3      | Reached XP level 6. HP: 32/32 MP: 12/17
  2676 | D:3      | Noticed Grinder
  2698 | D:3      | Killed Grinder
  2699 | D:3      | Reached skill level 7 in Spellcasting
  2702 | D:3      | Reached XP level 7. HP: 5/36 MP: 4/19
  2846 | D:3      | Identified the +3 leather armour of Tiuc {rElec}
  3020 | D:3      | Found a shimmering blue altar of Sif Muna.
  3020 | D:3      | Found an opulent altar of Gozag.
  3211 | D:3      | Found a runed translucent door.
  3212 | D:3      | Noticed Crazy Yiuf
  3217 | D:3      | Killed Crazy Yiuf
  3500 | D:4      | Found a glowing drain.
  3578 | Sewer    | Entered a sewer
  5112 | D:4      | Reached skill level 5 in Dodging
  5112 | D:4      | Reached skill level 8 in Spellcasting
  5151 | D:4      | Reached XP level 8. HP: 41/41 MP: 14/22
  6088 | D:5      | Entered Level 5 of the Dungeon
  6281 | D:5      | Reached skill level 9 in Spellcasting
  6509 | D:5      | Found a staircase to the Ecumenical Temple.
  6551 | Temple   | Entered the Ecumenical Temple
  6551 | Temple   | Found a transporter.
  6551 | Temple   | Found a transporter.
  6553 | Temple   | Found a transporter.
  6553 | Temple   | Found a transporter.
  6572 | Temple   | Became a worshipper of Vehumet
  6638 | D:5      | Noticed Edmund
  6649 | D:5      | Killed Edmund
  7404 | D:5      | Learned a level 4 spell: Iskenderun's Mystic Blast
  7479 | D:6      | Upgraded the game from 0.30.0-13-g156ef70053 to
                  | 0.30.0-15-g856e2d3f33
  7638 | D:6      | Reached XP level 9. HP: 45/45 MP: 20/24
  7696 | D:6      | Reached skill level 10 in Spellcasting
  7979 | D:6      | Paralysed by a gnoll for 2 turns
  7986 | D:6      | Paralysed by a gnoll for 3 turns
  8264 | D:6      | Found a runed translucent door.
  8264 | D:6      | Noticed Valagong's ghost (amateur MiFi)
  8667 | D:7      | Noticed Menkaure
  8674 | D:7      | Killed Menkaure
  8995 | D:7      | Reached skill level 11 in Spellcasting
  8995 | D:7      | Reached skill level 10 in Conjurations
  9068 | D:7      | Learned a level 4 spell: Sticky Flame
  9075 | D:7      | Reached skill level 1 in Fire Magic
  9212 | D:7      | Reached * piety under Vehumet
  9212 | D:7      | Offered knowledge of Kiss of Death by Vehumet.
  9354 | D:7      | Found a white marble altar of Elyvilon.
 10212 | D:8      | Noticed a two-headed ogre
 10218 | D:8      | Slain by a two-headed ogre

Illustrated notes

Levels and vault maps discovered:
D:1:      lightli_arrival_statue_moat, layout_loops_ring,
          shapermc_ecumenical_altar_rom_forum, serial_forest,
          infiniplex_forest_clump_small, infiniplex_forest_end_1,
          infiniplex_forest_diagonal, infiniplex_forest_lined_room_3,
          infiniplex_forest_3_way, infiniplex_forest_lined_room_2,
          infiniplex_forest_lined_3_way
D:2:      layout_rooms, serial_shops, shop, uniq_sigmund, uniq_robin,
          uniq_terence
D:3:      layout_basic, nicolae_overflow_two_pavilions, serial_glass,
          glass_columns_c, glass_columns_a, glass_columns_a, glass_columns_a,
          glass_columns_c, glass_columns_b, glass_columns_a, glass_columns_b,
          glass_columns_a, glass_columns_b, minmay_strange_pillars,
          uniq_grinder, uniq_crazy_yiuf_cottage
D:4:      minmay_razor_zed, layout_loops_ring, portal_sewer_entry_f
D:5:      layout_loops_ring, minmay_temple_entry_glass, kennysheep_crisscross,
          chequers_serial_rivers_marsh, uniq_edmund
D:6:      layout_loops_ring, gammafunk_ghost_grave
D:7:      layout_basic, mainiacjoe_overflow_catwalk, uniq_menkaure
D:8:      layout_gridville
Temple:   hellmonk_temple_divided_pantheon

Skill      XL: |  1  2  3  4  5  6  7  8  9 |
---------------+----------------------------+-----
Spellcasting   | 4 6 7 8 9 11 | 11.4
Conjurations   | 5 6 7 9 10 | 10.3
Dodging        | 3 5 7 8 |  8.6
Fire Magic     | 2 |  2.2
Stealth        | |  2.4

Action                     |  1- 3 |  4- 6 |  7- 9 || total
---------------------------+-------+-------+-------++-------
  Melee: Dagger            |       |       |     2 ||     2
   Cast: Magic Dart        |    37 |    50 |   264 ||   351
         Searing Ray       |     1 |     8 |    58 ||    67
         Sticky Flame      |       |       |     5 ||     5
    Use: Scroll            |     2 |     3 |    17 ||    22
   Stab: Sleeping          |       |       |     2 ||     2
 Armour: Robe              |     3 |     1 |    51 ||    55
  Dodge: Dodged            |     2 |     5 |    99 ||   106
